 Dungeon Crawl Stone Soup version 0.31.0-32-g396128a36d (webtiles) character file.

Game seed: 8015707143716059665

1097 Poindexter the Trooper (level 8, -4/52 (57) HPs)
             Began as an Octopode Warper on Apr 13, 2024.
             Slain by a wight
             ... wielding a +5 great sword
              (14 damage)
             ... on level 4 of the Dungeon.
             The game lasted 00:07:35 (4556 turns).

Poindexter the Trooper (Octopode Warper)            Turns: 4556, Time: 00:07:35

HP:   -4/52 (57)    AC:  1    Str: 10    XL:     8   Next: 31%
MP:   8/11          EV: 13    Int: 18    God:
Gold: 236           SH:  0    Dex: 17    Spells: 5/11 levels left

rFire   . .          .
                       - Unarmed
rCold   + . .        (no shield)
rNeg    . . .        (helmet restricted)
rPois   .            (no amulet)
rElec   .            D - +6 ring of dexterity
rCorr   .            v - ring of see invisible
SInv    +            C - ring of protection from cold
Will    .....        (no ring)
Stlth   +++          (no ring)
HPRegen 0.28/turn    (no ring)
MPRegen 0.12/turn    (no ring)
                     (no ring)

%: no passive effects
@: very slightly contaminated, drained
A: almost no armour, amphibious, 8 rings, camouflage 1, gelatinous body 1,
(nimble swimmer 1), tentacles
a: no special abilities


You were on level 4 of the Dungeon.
You visited 1 branch of the dungeon, and saw 5 of its levels.

You collected 236 gold pieces.


Innate Abilities, Weirdness & Mutations

You cannot wear most types of armour.
You are amphibious.
You can wear up to eight rings at the same time.
Your skin changes colour to match your surroundings (Stealth+).
Your rubbery body absorbs attacks. (AC +1, EV +1)
((You are camouflaged when in or above water. (Stealth+)))
You have tentacles for arms and can constrict up to eight enemies at once.


   Skills:
 + Level 5.9 Fighting
 - Level 1.0 Throwing
 - Level 2.3 Dodging
 + Level 5.9 Unarmed Combat
 - Level 2.0 Spellcasting
 - Level 3.0 Translocations
 - Level 5.0 Ice Magic


You had 5 spell levels left.
You knew the following spells:

 Your Spells              Type           Power      Damage    Failure   Level
f - Frozen Ramparts       Ice            38%        1d6       7%          3
o - Ozocubu's Armour      Ice            19%        N/A       7%          3

Your spell library contained the following spells:

 Spells                   Type           Power      Damage    Failure   Level
 Freeze                   Ice            76%        1d8       2%          1
 Blink                    Tloc           24%        N/A       8%          2
 Lesser Beckoning         Tloc           24%        N/A       8%          2
 Teleport Other           Tloc           12%        N/A       16%         3
 Hailstorm                Conj/Ice       10%        3d6       19%         3
 Manifold Assault         Tloc           12%        N/A       45%         4
 Vhi's Electric Charge    Tloc/Air       14%        N/A       67%         4
 Ignite Poison            Fire/Alch      1%         N/A       87%         4
 Sculpt Simulacrum        Ice/Alch       5%         N/A       100%        6
 Ozocubu's Refrigeration  Ice            9%         4d9       100%        7

Inventory:

Hand Weapons
 f - a +0 dagger of electrocution
Missiles
 b - 7 darts of dispersal (quivered) {=f}
 d - 2 throwing nets {=f}
 g - 13 poisoned darts
Magical Staves
 i - a staff of death {!a}
Jewellery
 v - a ring of see invisible (right tentacle)
 C - a ring of protection from cold (on tentacle)
 D - a +6 ring of dexterity (left tentacle)
Scrolls
 a - 2 scrolls of blinking
 c - a scroll of fog {unknown}
 e - a scroll of brand weapon {unknown}
 h - a scroll of vulnerability {unknown}
 j - a scroll of noise {unknown}
 n - a scroll of teleportation {unknown}
 o - 3 scrolls of amnesia {unknown}
 r - 2 scrolls of revelation {unknown}
 u - a scroll of summoning {unknown}
Potions
 k - 3 potions of curing {@q1}
 l - 2 potions of ambrosia
 m - a potion of heal wounds {unknown}
 p - a potion of mutation
 q - a potion of brilliance
 s - a potion of might {unknown}
 t - a potion of cancellation {unknown}

Dungeon Overview and Level Annotations

Branches:
Dungeon (5/15)
 Temple: D:4-7

Altars:

Shops:
D:1

:*:(
.............######.#######....##
.......####### #.......#.####
......## ##...........# ####..#
###########.#########.#
####..####...........# #.##
##.........############# #...
##.##..................# #...
...###..[####..z.......# #)..
#### #...# #...@......# #...
#...# #..........# #... #...#
#..........# #### #####
#..........# #..........#
############


You could see a wight.


Message History

You miscast Ozocubu's Armour.
You are very lightly contaminated with residual magic.
Nothing appears to happen.
The wight closely misses you.
Unknown command.
You tentacle-slap the wight but do no damage.
Your grab misses the wight.
You squeeze the wight, but do no damage.
The wight barely misses you.
You tentacle-slap the wight. You grab the wight.
The wight is moderately damaged.
You constrict the wight, but do no damage.
The wight hits you with a +5 great sword!
* * * LOW HITPOINT WARNING * * *
You feel drained.
* * * LOW HITPOINT WARNING * * *
You tentacle-slap the wight but do no damage.
The wight is moderately damaged.
You constrict the wight, but do no damage.
The wight hits you with a +5 great sword!
* * * LOW HITPOINT WARNING * * *
You tentacle-slap the wight. You squeeze the wight.
The wight is heavily damaged.
You constrict the wight. The wight misses you.
Unknown command.
You tentacle-slap the wight but do no damage.
You squeeze the wight, but do no damage.
The wight is severely damaged.
You constrict the wight.
The wight hits you with a +5 great sword!
You die...

Skill      XL: |  1  2  3  4  5  6  7  8 |
---------------+-------------------------+-----
Fighting       | 3 4 5 |  5.9
Unarmed Combat | 3 4 5 |  5.9
Ice Magic      | 4 5 |  5.0
Throwing       | |  1.0
Dodging        | |  2.3
Spellcasting   | |  2.0
Translocations | |  3.0

Action                     |  1- 3 |  4- 6 |  7- 9 || total
---------------------------+-------+-------+-------++-------
  Melee: Unarmed           |    68 |       |    73 ||   141
         Constrict         |    23 |    33 |    10 ||    66
         Tentacles         |    18 |    32 |    22 ||    72
         Dagger            |    25 |   108 |       ||   133
         Punch             |     1 |     4 |     3 ||     8
   Cast: Frozen Ramparts   |       |       |     4 ||     4
         Ozocubu's Armour  |       |       |     3 ||     3
    Use: Scroll            |       |       |     4 ||     4
   Stab: Sleeping          |    14 |     3 |     1 ||    18
 Armour: Skin              |    29 |    37 |    48 ||   114
  Dodge: Dodged            |    47 |    55 |    62 ||   164

Levels and vault maps discovered:
D:1:      dpeg_arrival_fog, layout_loops_ring, serial_shops, nicolae_shop_stone,
          nicolae_shop_getting_attention, nicolae_shop_window_shopping,
          nicolae_shop_scrapyard, minmay_statues_item
D:2:      layout_loops_corners
D:3:      layout_rooms, grunt_ministairs_2, kennysheep_jessica_study
D:4:      layout_rooms
D:5:      layout_cave_pods, uniq_eustachio

Notes
Turn   | Place    | Note
-------+----------+-------------------------------------------
     0 | D:1      | Poindexter the Octopode Warper began the quest for the Orb.
     0 | D:1      | Reached XP level 1. HP: 14/14 MP: 3/3
   186 | D:1      | Reached XP level 2. HP: 11/20 MP: 5/5
   204 | D:1      | Found Xuklo's Antique Weapon Shoppe.
   222 | D:1      | Reached skill level 3 in Fighting
   460 | D:1      | Found Asso's Assorted Antiques.
   503 | D:1      | Found Qeod's Book Boutique.
   533 | D:1      | Reached XP level 3. HP: 26/26 MP: 6/6
   614 | D:1      | Found Wukekot's Book Shop.
  1478 | D:2      | Reached skill level 4 in Fighting
  1502 | D:2      | You fall into a shaft and drop 2 floors!
  1519 | D:3      | Reached XP level 4. HP: 33/33 MP: 7/7
  1857 | D:3      | Reached skill level 5 in Fighting
  1857 | D:3      | Reached XP level 5. HP: 31/39 MP: 8/8
  2215 | D:3      | Noticed Jessica
  2219 | D:3      | Killed Jessica
  2220 | D:3      | Reached skill level 3 in Unarmed Combat
  2458 | D:3      | Got the Papyrus of the Scarab
  2479 | D:3      | Learned a level 3 spell: Ozocubu's Armour
  2531 | D:4      | Reached XP level 6. HP: 39/45 MP: 9/9
  2627 | D:4      | Reached skill level 1 in Ice Magic
  2792 | D:4      | Reached skill level 4 in Unarmed Combat
  2806 | D:4      | Reached skill level 2 in Ice Magic
  2844 | D:4      | Reached skill level 3 in Ice Magic
  3365 | D:4      | Reached skill level 4 in Ice Magic
  3365 | D:4      | Reached XP level 7. HP: 49/50 MP: 10/10
  3502 | D:5      | Entered Level 5 of the Dungeon
  3736 | D:5      | Reached skill level 5 in Unarmed Combat
  3740 | D:5      | Learned a level 3 spell: Frozen Ramparts
  4078 | D:5      | Reached XP level 8. HP: 49/56 MP: 8/11
  4166 | D:5      | Noticed Eustachio
  4210 | D:5      | Killed Eustachio
  4211 | D:5      | Reached skill level 5 in Ice Magic
  4556 | D:4      | Slain by a wight

Vanquished Creatures
  Eustachio (D:5)
  2 centaurs (D:5)
  2 phantoms (D:5)
  A bullfrog (D:4)
  3 scorpions
  2 hounds (D:4)
  An orc priest (D:4)
  Jessica (D:3)
  3 iguanas
  3 orc wizards
  An adder (D:3)
  3 gnolls (D:3)
  A dart slug (D:3)
  2 ribbon worms
  11 orcs
  10 bats
  7 endoplasms
  3 giant cockroaches
  11 goblins
  5 hobgoblins
  6 quokkas
  8 ball pythons
  2 frilled lizards
  6 kobolds
  9 rats
104 creatures vanquished.

Table legend: (Time is in decaauts)
 A = Elapsed time spent in this place.
 B = Non-inter-level travel time spent in this place.
 C = Inter-level travel time spent in this place.
 D = Time resting spent in this place.
 E = Time spent auto-exploring this place.
 F = Levels seen in this place.
 G = Mean time per level.
                   A        B        C        D        E       F      G
               +--------+--------+--------+--------+--------+-----+--------+
         Total |   4543 |   4451 |     92 |    496 |   3144 |   5 |  908.6 |
       Dungeon |   4543 |   4451 |     92 |    496 |   3144 |   5 |  908.6 |
               +--------+--------+--------+--------+--------+-----+--------+

Top non-repeatable levels by time:
     D:5: 1041 daAuts
     D:4: 999 daAuts
     D:2: 928 daAuts
     D:1: 835 daAuts
     D:3: 739 daAuts

Table legend:
 A = Non-vault XP
 B = Vault XP
 C = Vault XP percentage of total XP
 D = Non-vault monster count
 E = Vault monster count
 F = Vault count percentage of total count
                 A         B        C        D         E       F
            +---------+---------+-------+---------+---------+-------
      Total |    1331 |     237 |  15.1 |      99 |       5 |   4.8
            +---------+---------+-------+---------+---------+-------
        D:1 |      38 |       0 |   0.0 |      24 |       0 |   0.0
        D:2 |      36 |       0 |   0.0 |      21 |       0 |   0.0
        D:3 |     158 |      41 |  20.6 |      18 |       4 |  18.2
        D:4 |     420 |       0 |   0.0 |      28 |       0 |   0.0
        D:5 |     679 |     196 |  22.4 |       8 |       1 |  11.1
            +---------+---------+-------+---------+---------+-------
